 Dungeon Crawl Stone Soup version 0.27-a0-512-g57cc695410 (webtiles) character file.

Game seed: 12159267894301284107

2629 Dirtsage the Fighter (level 9, -6/70 HPs)
             Began as a Demonspawn Fighter on Mar 3, 2021.
             Was a Follower of Ashenzari.
             Mangled by a gnoll sergeant
             ... wielding the +9 hand axe of Jas Puew {flame, *Slow rPois rF++ rC+}
              (17 damage)
             ... in a bailey.
             The game lasted 00:22:47 (9624 turns).

Dirtsage the Fighter (Demonspawn Fighter)           Turns: 9624, Time: 00:22:48

Health: -6/70      AC: 10    Str: 17    XL:     9   Next: 35%
Magic:  9/9        EV:  9    Int: 10    God:    Ashenzari [*.....]
Gold:   382        SH: 14    Dex: 13    Spells: 8/8 levels left

rFire    . . .     SeeInvis .   a - +0 long sword
rCold    + . .     Faith    .   c - +0 kite shield of Ashenzari's Gloom {Fort, Self} (curse)
rNeg     . . .     Spirit   .   b - +0 scale mail
rPois    .         Reflect  +   (helmet restricted)
rElec    .         Harm     .   (no cloak)
rCorr    .         Rampage  .   (no gloves)
Will     .....                  i - +0 pair of boots
Stlth    ..........             o - amulet "Ensconced Omen" {Reflect SH+5, Elem, Cun} (curse)
HPRegen  0.21/turn              C - ring of protection from cold
MPRegen  0.11/turn              (no ring)

@: mighty
A: antennae 1, fangs 1, frail 1, foul stench 1, spiny 1, weak 1, wild magic 1,
sharp scales 2
a: Renounce Religion, Shatter the Chains


You were in a bailey.
You worshipped Ashenzari.
Ashenzari was aware of your devotion.
You visited 2 branches of the dungeon, and saw 8 of its levels.
You also visited: Sewer and Bailey.

You collected 382 gold pieces.


Innate Abilities, Weirdness & Mutations

You have a pair of small antennae on your head.
You may rarely emit foul miasma when damaged in melee.
You are partially covered in sharp spines.
You are mostly covered in razor-sharp scales. (AC +2, Slay +2)
You have very sharp teeth.
You are frail. (-10% HP)
You are weak. (Str -2)
Your spells are a little harder to cast, but a little more powerful.


   Skills:
 + Level 8.8(10.1) Fighting
 * Level 8.1 Long Blades
 + Level 3.6(4.8) Armour
 + Level 2.1(3.1) Dodging
 + Level 3.5(4.7) Shields


You had 8 spell levels left.
You didn't know any spells.
Your spell library contained the following spells:

 Spells                   Type           Power        Failure   Level
 Magic Dart               Conj           0%           99%         1
 Searing Ray              Conj           0%           100%        2
 Dazzling Flash           Conj/Hex       0%           100%        3
 Fulminant Prism          Conj/Hex       0%           100%        4
 Iskenderun's Mystic Bla  Conj/Tloc      0%           100%        4

Inventory:

Hand Weapons
 a - a +0 long sword (weapon)
Missiles
 z - a throwing net (quivered) {=f}
Armour
 b - a +0 scale mail (worn)
 c - the cursed +0 kite shield of Ashenzari's Gloom (worn) {Fort, Self}

   It has a curse placed upon it.
 i - a +0 pair of boots (worn)
Jewellery
 o - the cursed amulet "Ensconced Omen" (around neck) {Reflect SH+5, Elem, Cun}
   (You found it on level 6 of the Dungeon)

   [amulet of reflection]

   It shields you and reflects attacks.
   It affects your SH (+5).
   It has a curse placed upon it.
 C - a ring of protection from cold (left hand)
 F - a ring of fire
Wands
 p - a wand of paralysis (5)
 v - a wand of mindburst (7)
 w - a wand of digging (6)
 y - a wand of random effects (12)
Scrolls
 g - 4 scrolls of magic mapping
 h - 3 scrolls of teleportation {@r4}
 j - 9 scrolls of identify {@r1}
 k - 2 scrolls of fog
 n - a scroll of random uselessness
 q - a scroll of fear
 r - 2 scrolls of immolation
 t - 3 scrolls of amnesia
 u - a scroll of enchant armour
 x - a scroll of enchant weapon
Potions
 d - 7 potions of might
 e - 4 potions of heal wounds {@q2}
 f - 3 potions of lignification
 l - 9 potions of curing {@q1}
 m - 2 potions of attraction
 s - 3 potions of flight

Dungeon Overview and Level Annotations

Branches:
Dungeon (7/15)             Temple (1/1) D:4           Sewer (visited)
 Bailey (1/1)

Altars:
Ashenzari
Cheibriados
Dithmenos
Elyvilon
Fedhas
Gozag
Hepliaklqana
Kikubaaqudgha
Makhleb
Nemelex Xobeh
Okawaru
Ru
Trog
Uskayaw
Vehumet
Xom
Yredelemnul
Zin
The Shining One

Shops:
D:4 *   D:5 *

Annotations:
D:7 Joseph

♣♣≈≈...▒ ▒▒▒▒▒▒ ♣.≈..▒▒▒
...8.▒▒ .. ♣♣.≈..▒ ...(..▒▒..
♣..≈..▒ .......▒.. ♣..≈..▒
▒▒▒▒▒.....▒.. ♣♣..≈..▒
▒▒...▒▒....▒..
♣♣...≈..▒▒▒▒▒▒.....▒▒▒'▒▒..
#♣♣♣...)...'..)▒).....)▒..)...
#∩..∩...)..'.@ggg.g8.g.)).)...
#♣♣♣.......'...▒.))....▒......
♣♣...≈..▒▒▒▒▒▒.....▒▒▒'▒▒..
♣...≈..▒ { ▒▒...▒▒{)..▒..
♣...≈..▒ ▒▒▒▒▒gg...▒..
♣♣..≈..▒ gg.'.......▒..
♣♣.≈..▒ ...▒......▒▒..
♣.≈..▒▒▒ . ▒...8.▒▒ ..
♣♣≈≈...▒ ▒▒▒▒▒▒▒


You could see 3 gnoll sergeants and a gnoll.


Message History

* * * LOW HITPOINT WARNING * * *
You block the gnoll sergeant's attack.
There is an open door, spattered with blood here.
Items here: ))) [[[.
The gnoll sergeant rages.
You block the gnoll sergeant's attack.
Things that are here:
a +0 halberd; a +3 ring mail The gnoll sergeant hits you but does no damage.
Things that are here:
a +0 spear; a +0 chain mail; a gnoll skeleton A gnoll comes into view.
It is wielding a +0 halberd.
The gnoll sergeant rages.
You block the gnoll sergeant's attack.
Things that are here:
a +0 trident; a +0 scale mail
There is an open door, spattered with blood here.
Things that are here:
a +0 halberd; a +0 scale mail The gnoll sergeant rages.
You block the gnoll sergeant's attack.
The gnoll sergeant rages.
You feel very mighty all of a sudden.
The gnoll sergeant hits you with the +9 hand axe of Jas Puew {flame, *Slow rPois rF++ rC+}!!
* * * LOW HITPOINT WARNING * * *
The gnoll sergeant burns you.
* * * LOW HITPOINT WARNING * * *
You block the gnoll sergeant's attack.
The gnoll sergeant hits you with the +9 hand axe of Jas Puew {flame, *Slow rPois rF++ rC+}!
You die...

Skill      XL: |  1  2  3  4  5  6  7  8  9 |
---------------+----------------------------+-----
Long Blades    | 2 3 4 5 6 7 8 |  8.1
Fighting       | 4 5 6 7 8 |  8.8
Armour         | 3 |  3.6
Dodging        | 1 2 |  2.1
Shields        | 3 |  3.5

Action                   |  1- 3 |  4- 6 |  7- 9 || total
-------------------------+-------+-------+-------++-------
Melee: Long sword        |   105 |   153 |   373 ||   631
       Unarmed           |       |    12 |       ||    12
       Bite              |       |       |    32 ||    32
Invok: Curse Item        |       |       |     2 ||     2
Evoke: Wand              |       |       |    15 ||    15
  Use: Potion            |       |       |     5 ||     5
 Stab: Paralysed         |       |       |     9 ||     9
Armor: Scale mail        |    67 |    76 |   172 ||   315
       Skin              |       |     1 |       ||     1
Dodge: Dodged            |    38 |    48 |   105 ||   191
Block: Kite shield       |    66 |    67 |   348 ||   481
       Reflection        |       |       |     7 ||     7
       Rpst.: Long sword |    12 |    16 |    23 ||    51

Levels and vault maps discovered:
D:1:      shiori_arrival_oz, layout_rooms
D:2:      layout_loops_corners, serial_forest, infiniplex_forest_clump_tiny,
          infiniplex_forest_straight_5, infiniplex_forest_clump_large,
          infiniplex_forest_split, infiniplex_forest_corner_1,
          infiniplex_forest_clump_small, infiniplex_forest_clump_double,
          infiniplex_forest_pool, infiniplex_forest_lined_corner,
          chequers_ecumenical_altar_simple, uniq_terence
D:3:      layout_loops_ring, regret_index_temple_of_mockery, uniq_sigmund
D:4:      layout_loops_cross, gammafunk_temple_overflow_claw,
          minmay_temple_entry_large_hall, serial_shops, shop,
          lightli_sewer_entry_pipes
D:5:      layout_loops_ring, vehumet_statue, nicolae_elemental_shop,
          nicolae_tso_swordbearing_angel
D:6:      layout_basic, grunt_temple_overflow_growth_and_decay,
          lemuel_crystal_altar
D:7:      layout_cave_pools, nicolae_qazlal_style_of_elements, enter_bailey_6,
          uniq_pikel, uniq_prince_ribbit1, uniq_joseph
Temple:   dpeg_chambers_temple
Bailey:   bailey_polearm_gnolls_kennysheep, bailey

Notes
Turn   | Place    | Note
-------+----------+-------------------------------------------
     0 | D:1      | Dirtsage the Demonspawn Fighter began the quest for the
                  | Orb.
     0 | D:1      | Reached XP level 1. HP: 18/18 MP: 1/1
    77 | D:1      | Reached skill level 2 in Long Blades
   270 | D:1      | Gained mutation: You are partially covered in razor-sharp
                  | scales. (AC +1, Slay +1) [demonic ancestry]
   270 | D:1      | Reached XP level 2. HP: 19/24 MP: 2/2
   725 | D:1      | Gained mutation: You have a pair of small antennae on your
                  | head. [demonic ancestry]
   725 | D:1      | Reached XP level 3. HP: 29/29 MP: 3/3
   834 | D:2      | Found a faded altar of an unknown god.
  1381 | D:2      | Reached skill level 4 in Fighting
  1381 | D:2      | Reached skill level 3 in Long Blades
  1500 | D:2      | Reached XP level 4. HP: 37/37 MP: 4/4
  1504 | D:2      | Noticed Terence
  1526 | D:2      | Killed Terence
  2626 | D:3      | Found a shimmering altar of Xom.
  2627 | D:3      | Found a hazy altar of Hepliaklqana.
  2628 | D:3      | Noticed a spectral ugly thing
  2641 | D:3      | Gained mutation: You are partially covered in sharp spines.
                  | [demonic ancestry]
  2641 | D:3      | Reached XP level 5. HP: 40/43 MP: 5/5
  2814 | D:3      | Noticed Sigmund
  2921 | D:3      | Killed Sigmund
  2922 | D:3      | Reached skill level 5 in Fighting
  2922 | D:3      | Reached skill level 4 in Long Blades
  2922 | D:3      | Reached XP level 6. HP: 37/51 MP: 6/6
  3474 | D:4      | Found Wueciew's Assorted Antiques.
  3613 | D:4      | Found a staircase to the Ecumenical Temple.
  3624 | D:4      | Reached skill level 6 in Fighting
  3624 | D:4      | Reached skill level 5 in Long Blades
  3632 | Temple   | Entered the Ecumenical Temple
  3937 | D:4      | Gained mutation: You are mostly covered in razor-sharp
                  | scales. (AC +2, Slay +2) [demonic ancestry]
  3937 | D:4      | Reached XP level 7. HP: 37/58 MP: 7/7
  3969 | D:4      | Found a glowing drain.
  3978 | Sewer    | Entered a sewer
  5097 | Temple   | Became a worshipper of Ashenzari the Shackled
  5201 | D:4      | Found a sacrificial altar of Ru.
  5201 | D:4      | Found a hide-covered altar of Uskayaw.
  5201 | D:4      | Found a snail-covered altar of Cheibriados.
  5839 | D:5      | Entered Level 5 of the Dungeon
  5856 | D:5      | Found a glowing golden altar of the Shining One.
  5881 | D:5      | Found Wuyddievi's Elemental Accessories.
  5949 | D:5      | Reached skill level 7 in Fighting
  5949 | D:5      | Reached skill level 6 in Long Blades
  6024 | D:5      | Noticed a troll
  6385 | D:5      | Killed a troll
  6386 | D:5      | Reached XP level 8. HP: 52/67 MP: 8/8
  6768 | D:5      | Found a radiant altar of Vehumet.
  6844 | D:5      | Gained mutation: You are frail. (-10% HP) [potion of
                  | mutation]
  6844 | D:5      | Gained mutation: You have very sharp teeth. [potion of
                  | mutation]
  6844 | D:5      | Gained mutation: You are weak. (Str -2) [potion of
                  | mutation]
  6844 | D:5      | Gained mutation: Your spells are a little harder to cast,
                  | but a little more powerful. [potion of mutation]
  6959 | D:5      | Reached skill level 8 in Fighting
  6972 | D:5      | Reached skill level 7 in Long Blades
  7530 | D:6      | Found an ancient bone altar of Kikubaaqudgha.
  7533 | D:6      | Found a blossoming altar of Fedhas.
  7726 | D:6      | Found a burning altar of Makhleb.
  8140 | D:7      | Noticed Prince Ribbit
  8270 | D:6      | Killed Prince Ribbit
  8271 | D:6      | Reached skill level 3 in Armour
  8271 | D:6      | Reached skill level 1 in Dodging
  8271 | D:6      | Reached skill level 3 in Shields
  8293 | D:7      | Gained mutation: You may rarely emit foul miasma when
                  | damaged in melee. [demonic ancestry]
  8293 | D:7      | Reached XP level 9. HP: 46/67 MP: 9/9
  8314 | D:7      | Reached * piety under Ashenzari
  8466 | D:7      | Found a flagged portal.
  8469 | D:7      | Noticed Joseph
  8475 | Bailey   | Entered a bailey
  8687 | Bailey   | HP: 6/70 [gnoll shaman/+0 trident (4)]
  9315 | Bailey   | Reached skill level 8 in Long Blades
  9362 | Bailey   | Reached skill level 2 in Dodging
  9601 | Bailey   | Identified the +9 hand axe of Jas Puew {flame, *Slow rPois
                  | rF++ rC+}
  9624 | Bailey   | Mangled by a gnoll sergeant

Vanquished Creatures
  A troll (D:5)
  Prince Ribbit (D:6)
  Sigmund (D:3)
  An ice beast (D:5)
  2 centaurs
  A kobold brigand (Sewer)
  2 bullfrogs (D:6)
  4 gnoll sergeants (Bailey)
  2 scorpions
  A howler monkey (D:4)
  A bullfrog zombie (D:5)
  A quasit (D:7)
  A centaur zombie (D:7)
  4 hounds
  2 orc priests (D:5)
  A bullfrog skeleton (D:4)
  5 gnoll shamans (Bailey)
  Terence (D:2)
  6 orc wizards
  4 worker ants
  A statue (D:5)
  12 gnolls (Bailey)
  16 adders
  13 river rats
  An ufetubus (D:5)
  2 oozes
  7 worms
  A dart slug (D:1)
  3 leopard geckos
  11 orcs
  9 ball pythons
  2 giant cockroaches
  8 goblins
  13 hobgoblins
  4 jackals (D:4)
  A quokka (D:6)
  4 bats
  3 frilled lizards
  22 kobolds
  27 rats
202 creatures vanquished.

Vanquished Creatures (others)
  2 plants (D:2)
2 creatures vanquished.

Grand Total: 204 creatures vanquished

Table legend: (Time is in decaauts)
 A = Elapsed time spent in this place.
 B = Non-inter-level travel time spent in this place.
 C = Inter-level travel time spent in this place.
 D = Time resting spent in this place.
 E = Time spent auto-exploring this place.
 F = Levels seen in this place.
 G = Mean time per level.
                   A        B        C        D        E       F      G
               +--------+--------+--------+--------+--------+-----+--------+
         Total |   9918 |   9478 |    440 |   1261 |   6214 |  10 |  991.8 |
       Dungeon |   7272 |   6912 |    360 |    456 |   4975 |   7 | 1038.9 |
        Temple |    381 |    301 |     80 |      0 |    221 |   1 |  381.0 |
         Sewer |   1093 |   1093 |      0 |    306 |    592 |   1 | 1093.0 |
        Bailey |   1172 |   1172 |      0 |    499 |    426 |   1 | 1172.0 |
               +--------+--------+--------+--------+--------+-----+--------+

Top non-repeatable levels by time:
     D:2: 1578 daAuts
     D:5: 1524 daAuts
     D:4: 1203 daAuts
  Bailey: 1172 daAuts
     D:3: 1163 daAuts
   Sewer: 1093 daAuts
     D:1: 830 daAuts
     D:6: 687 daAuts
  Temple: 381 daAuts
     D:7: 283 daAuts

Table legend:
 A = Non-vault XP
 B = Vault XP
 C = Vault XP percentage of total XP
 D = Non-vault monster count
 E = Vault monster count
 F = Vault count percentage of total count
                 A         B        C        D         E       F
            +---------+---------+-------+---------+---------+-------
      Total |    2038 |    1718 |  45.7 |     110 |      92 |  45.5
            +---------+---------+-------+---------+---------+-------
        D:1 |      44 |       4 |   8.3 |      21 |       2 |   8.7
        D:2 |     113 |      36 |  24.2 |      19 |       1 |   5.0
        D:3 |     154 |     170 |  52.5 |      23 |       1 |   4.2
        D:4 |     206 |     118 |  36.4 |      10 |      15 |  60.0
        D:5 |     936 |      32 |   3.3 |      22 |       1 |   4.3
        D:6 |     340 |     283 |  45.4 |       8 |       1 |  11.1
        D:7 |     245 |       0 |   0.0 |       7 |       0 |   0.0
      Sewer |       0 |     278 | 100.0 |       0 |      48 | 100.0
     Bailey |       0 |     797 | 100.0 |       0 |      23 | 100.0
            +---------+---------+-------+---------+---------+-------
